 Dungeon Crawl Stone Soup version 0.20-a0-893-g832831a (webtiles) character file.

58 Rrauwl the Caller (level 4, 0/24 HPs)
             Began as a Tengu Summoner on Mar 17, 2017.
             Slain by a hippogriff (3 damage)
             ... on level 3 of the Dungeon.
             The game lasted 00:13:40 (2231 turns).

Rrauwl the Caller (Tengu Summoner)                  Turns: 2231, Time: 00:13:40

Health: 0/24       AC:  2    Str:  8    XL:     4   Next: 1%
Magic:  8/8        EV: 12    Int: 17    God:
Gold:   119        SH:  0    Dex: 14    Spells: 2/7 levels left

rFire    . . .     SeeInvis .   i - +1 short sword (freeze)
rCold    . . .     Gourm    .   a - +0 robe
rNeg     . . .     Faith    .   (no shield)
rPois    .         Spirit   .   (helmet restricted)
rElec    .         Reflect  .   (no cloak)
rCorr    .         Harm     +   (no gloves)
MR       .....                  (boots unavailable)
Stlth    ++........             f - amulet of harm
Regen    0.1/turn               (no ring)
MPRegen  0.2/turn               (no ring)

@: no status effects
A: beak, talons 3
a: no special abilities


You were on level 3 of the Dungeon.
You were not hungry.

You visited 1 branch of the dungeon, and saw 3 of its levels.

You collected 119 gold pieces.

Inventory:

Hand Weapons
 i - a +1 short sword of freezing (weapon)
Armour
 a - a +0 robe (worn)
Jewellery
 f - an amulet of harm (around neck)
Scrolls
 d - a scroll of teleportation
 h - 3 scrolls of remove curse
 m - a scroll of identify
Potions
 e - 2 potions of magic
 j - a potion of ambrosia
Books
 b - a book of Callings

   Spells                             Type                      Level
   a - Summon Small Mammal            Summoning                    1
   b - Call Imp                       Summoning                    2
   c - Call Canine Familiar           Summoning                    3
   d - Summon Guardian Golem          Hexes/Summoning              3
   e - Summon Lightning Spire         Summoning/Air                4
   f - Summon Ice Beast               Ice/Summoning                4
Comestibles
 c - 5 bread rations
 g - 2 meat rations
 l - a chunk of flesh


   Skills:
 - Level 2.1 Dodging
 - Level 2.0 Stealth
 + Level 2.2 Spellcasting
 + Level 0.1 Hexes
 + Level 6.3 Summonings


You had 2 spell levels left.
You knew the following spells:

 Your Spells              Type           Power        Failure   Level  Hunger
b - Call Imp              Summ           ###.....     2%          2    ###....
c - Summon Guardian Gole  Hex/Summ       ##......     17%         3    ###....


Dungeon Overview and Level Annotations

Branches:
Dungeon (3/15)

Altars:


Innate Abilities, Weirdness & Mutations

You have a beak for a mouth.
You have claws for feet.


Message History

The hippogriff barely misses your crimson imp.
The hippogriff closely misses your crimson imp.
The hippogriff claws your crimson imp but does no damage.
Your crimson imp hits the hippogriff.
The hippogriff misses your crimson imp. The hippogriff pecks your crimson imp!
Your crimson imp dies!
You hit the hippogriff. You freeze the hippogriff.
Your kick misses the hippogriff.
The hippogriff is severely wounded.
The hippogriff bites you. The hippogriff pecks you.
The hippogriff barely misses you.
You hit the hippogriff but do no damage.
Your kick misses the hippogriff.
The hippogriff is severely wounded.
Your crimson imp blinks!
The hippogriff bites you!
Ouch! That really hurt!
* * * LOW HITPOINT WARNING * * *
The hippogriff pecks you.
You die...

##8..#..#.......####..#..
#...#.##.......# #..#..
#####.#5.......# #..#.. #
####........# #..#..
###.#.#.######### #..#..
......#ยง##...... ...#..
###.......# #.#..
.......H######## #..
######..@....... #.#
............... #<.
############### ###


You could see a hippogriff.

Vanquished Creatures
  2 adders
  A worm (D:3)
  A dart slug (D:1)
  A leopard gecko (D:1)
  A giant cockroach (D:1)
  3 goblins
  5 hobgoblins
  5 bats
  A frilled lizard (D:2)
  2 kobolds (D:2)
  6 rats
28 creatures vanquished.

Vanquished Creatures (collateral kills)
  An adder (D:2)
  A giant cockroach (D:2)
  2 goblins (D:1)
  A hobgoblin (D:1)
  A bat (D:1)
  2 frilled lizards (D:1)
  5 kobolds
  2 rats (D:1)
15 creatures vanquished.

Grand Total: 43 creatures vanquished

Notes
Turn   | Place    | Note
-------+----------+-------------------------------------------
     0 | D:1      | Rrauwl the Tengu Summoner began the quest for the Orb.
     0 | D:1      | Reached XP level 1. HP: 10/10 MP: 4/4
    42 | D:1      | Reached skill level 5 in Summonings
   138 | D:1      | Reached XP level 2. HP: 7/15 MP: 6/6
   347 | D:1      | Learned a level 2 spell: Call Imp
   785 | D:1      | Reached XP level 3. HP: 15/19 MP: 7/7
   790 | D:1      | Learned a level 3 spell: Summon Guardian Golem
  1150 | D:2      | Reached skill level 6 in Summonings
  2135 | D:3      | Found a faded altar of an unknown god.
  2150 | D:3      | Reached XP level 4. HP: 24/24 MP: 2/8
  2206 | D:3      | Noticed a hippogriff
  2221 | D:3      | HP: 1/24 [hippogriff (7)]
  2231 | D:3      | Slain by a hippogriff

Vault maps used:
D:1:      evilmike_arrival_plus
D:3:      minmay_goblin_kobold_castle, chequers_ecumenical_altar_lobes,
          nrook_mini_vaults

Skill      XL: |  1  2  3 |
---------------+----------+-----
Summonings     | 5 6 |  6.3
Dodging        | |  2.1
Stealth        | |  2.0
Spellcasting   | |  2.2
Hexes          | |  0.1

Action                   |  1- 3 |  4- 6 || total
-------------------------+-------+-------++-------
Melee: Unarmed           |    39 |       ||    39
       Kick              |    19 |     2 ||    21
       Peck              |     8 |     1 ||     9
       Dagger            |    27 |       ||    27
       Short sword       |    22 |     5 ||    27
 Cast: Summon Small Mamm |     3 |       ||     3
       Call Imp          |    18 |     4 ||    22
       Summon Guardian G |     2 |       ||     2
  Use: Scroll            |     6 |       ||     6
       Potion            |       |     2 ||     2
 Stab: Sleeping          |     8 |       ||     8
       Distracted        |     2 |       ||     2
  Eat: Chunk             |     4 |     1 ||     5
       Fruit             |     1 |       ||     1
Armor: Robe              |    19 |     2 ||    21
Dodge: Dodged            |    54 |     9 ||    63
